 Dungeon Crawl Stone Soup version 0.28.0-43-g3370ac3207 (webtiles) character file.

Game seed: 15126492240804828801

12236 xzight the Cleaver (level 11, -17/72 HPs)
             Began as a Gargoyle Fighter on Mar 11, 2022.
             Was a Follower of Okawaru.
             Demolished by an orc knight
             ... wielding a +0 great mace
              (21 damage)
             ... on level 11 of the Dungeon.
             The game lasted 00:29:03 (14350 turns).

xzight the Cleaver (Gargoyle Fighter)              Turns: 14350, Time: 00:29:04

Health: -17/72     AC: 27    Str: 24    XL:     11   Next: 90%
Magic:  11/11      EV:  8    Int:  9    God:    Okawaru [*.....]
Gold:   677        SH:  6    Dex: 11    Spells: 10/10 levels left

rFire   . . .      SeeInvis .   a - +0 war axe (venom)
rCold   . . .      Faith    +   c - +0 buckler
rNeg    + . .      Spirit   .   x - +3 chain mail
rPois   ∞          Reflect  .   n - +0 helmet
rElec   +          Harm     .   w - +0 cloak
rCorr   .          Rampage  .   r - +1 pair of gloves
Will    .....                   (no boots)
Stlth   ..........              K - amulet of faith {!P}
HPRegen 0.22/turn               (no ring)
MPRegen 0.12/turn               (no ring)

@: brilliant, on berserk cooldown, flying, slowed, invisible, unable to read,
very slow
A: sickness immunity, AC +8, negative energy resistance 1, electricity
resistance, torment resistance 1, petrification resistance, agile 1, inability
to read while threatened, noise suppression
a: Renounce Religion, Heroism


You were on level 11 of the Dungeon.
You worshipped Okawaru.
Okawaru was aware of your devotion.
You visited 2 branches of the dungeon, and saw 12 of its levels.

You collected 677 gold pieces.


Innate Abilities, Weirdness & Mutations

You are immune to sickness and miasma.
Your stone body is resilient. (AC +8)
You are immune to poison.
You resist negative energy. (rN+)
You are resistant to electric shocks. (rElec)
You are resistant to unholy torment.
You are immune to petrification.
You are agile. (Dex +2)
You sometimes lose the ability to read scrolls when taking damage.
You passively dampen the noise of your surroundings.


   Skills:
 + Level 9.8 Fighting
 * Level 11.1 Axes
 + Level 9.8 Armour
 + Level 9.8 Shields


You had 10 spell levels left.
You didn't know any spells.
Your spell library contained the following spells:

 Spells                   Type           Power      Damage    Failure   Level
 Shock                    Conj/Air       0%         1d3       95%         1
 Ensorcelled Hibernation  Hex/Ice        0%         N/A       99%         2
 Passwall                 Tmut/Erth      0%         N/A       99%         2
 Wereblood                Tmut           0%         N/A       99%         2
 Portal Projectile        Hex/Tloc       0%         N/A       100%        3
 Stone Arrow              Conj/Erth      0%         3d7       100%        3
 Swiftness                Air            0%         N/A       100%        3
 Airstrike                Air            0%         N/A       100%        4
 Leda's Liquefaction      Hex/Erth       0%         N/A       100%        4
 Borgnjor's Vile Clutch   Necr/Erth      0%         N/A       100%        5
 Lehudib's Crystal Spear  Conj/Erth      0%         10d2      100%        8
 Sublimation of Blood     Necr           Unusable   N/A       N/A         2
 Call Canine Familiar     Summ           Unusable   N/A       N/A         3
 Animate Armour           Summ/Erth      Unusable   N/A       N/A         4
 Animate Dead             Necr           Unusable   N/A       N/A         4
 Death Channel            Necr           Unusable   N/A       N/A         6
 Summon Hydra             Summ           Unusable   N/A       N/A         7

Inventory:

Hand Weapons
 a - a +0 war axe of venom (weapon)
 b - a +2 scimitar of flaming
Missiles
 u - 5 throwing nets (quivered) {=f}
Armour
 c - a +0 buckler (worn)
 n - a +0 helmet (worn)
 r - a +1 pair of gloves (worn)
 w - a +0 cloak (worn)
 x - a +3 chain mail (worn)
Jewellery
 m - an amulet of reflection
 C - a ring of ice
 K - an amulet of faith (around neck) {!P}
Wands
 k - a wand of mindburst (7)
 l - a wand of flame (15)
 z - a wand of polymorph (7)
 G - a wand of digging (3)
Scrolls
 d - a scroll of amnesia {unknown}
 o - a scroll of enchant weapon {unknown}
 s - a scroll of fog
 y - 2 scrolls of immolation
 D - a scroll of silence {unknown}
 E - a scroll of vulnerability {unknown}
Potions
 v - a potion of magic
 A - a potion of degeneration
Miscellaneous
 J - a lightning rod (4/4)

Dungeon Overview and Level Annotations

Branches:
Dungeon (11/15)            Temple (1/1) D:6            Lair (0/6) D:11
    Orc (0/2) D:9

Altars:
Ashenzari
Cheibriados
Dithmenos
Elyvilon
Fedhas
Gozag
Hepliaklqana
Kikubaaqudgha
Makhleb
Nemelex Xobeh
Okawaru
Qazlal
Ru
Sif Muna
Trog
Uskayaw
Vehumet
Wu Jian
Xom
Yredelemnul
Zin
The Shining One
Lugonu

Shops:
D:9 ([

Annotations:
D:11 exclusion: oklob plant

#.≈.≈## #...#######...#.#.#.#
#.#.## #..#...≈...#..#.#.#.#
#.#.# #....#...#....#.#.#.#
#.#.# #...##P..##...#.#.#.# #
#.#######.#...PPPP.$#.#.#.#.#
#oo..)....#≈.PP>PP.≈#...#.#.#
#o######..#...PPPP..#.###.#.#
#.# #...h##.PP##...# #.#.#
..# #..oh@#...#....###.#.#
o..# #...#o..≈...#......#.#


oohW# #....#######...#####.# .^...# #....# #!### #.. #..o.h ###### #.# #.. #.#
#.. #.# #.. #.# #.. #.# #.. You could see an orc knight, 2 wargs and an orc
warrior (strong).


Message History

The warg bites you but does no damage. The warg bites you.
* * * LOW HITPOINT WARNING * * *
The orc knight hits you with a +0 great mace.
* * * LOW HITPOINT WARNING * * *
You feel better. The warg bites you but does no damage.
You block the warg's attack. The warg bites you but does no damage.
The orc knight hits you but does no damage.
You block the warg's attack.
It was a potion of brilliance.
You feel clever all of a sudden.
The warg bites you but does no damage. x2
The orc knight hits you but does no damage.
The warg bites you but does no damage. x2
The orc knight hits you but does no damage.
It was a potion of flight.
You feel very buoyant.
You fly up into the air.
The warg bites you but does no damage. The warg bites you.
* * * LOW HITPOINT WARNING * * *
The orc knight hits you but does no damage.
The warg barely misses you. The warg completely misses you.
You slash the warg!
The warg is moderately wounded.
You hit the warg but do no damage. You closely miss the orc knight.
You block the warg's attack. x2
The orc knight hits you with a +0 great mace!
* * * LOW HITPOINT WARNING * * *
The warg barely misses you. You block the warg's attack.
The orc knight hits you with a +0 great mace!!
You die...

Skill      XL: |  1  2  3  4  5  6  7  8  9 10 11 |
---------------+----------------------------------+-----
Axes           | 2 3 4 5 6 8 9 11 | 11.1
Shields        | 4 5 6 7 8 9 |  9.8
Fighting       | 4 5 6 7 8 9 |  9.8
Armour         | 4 5 6 7 8 9 |  9.8

Action                   |  1- 3 |  4- 6 |  7- 9 | 10-12 || total
-------------------------+-------+-------+-------+-------++-------
Melee: War axe           |   149 |   198 |   355 |   386 ||  1088
       Unarmed           |       |       |       |     8 ||     8
Evoke: Wand              |       |       |       |     2 ||     2
  Use: Potion            |       |     2 |     2 |    17 ||    21
       Scroll            |       |     2 |     2 |    14 ||    18
Armor: Scale mail        |    90 |    45 |       |       ||   135
       Plate armour      |       |    44 |   114 |       ||   158
       Skin              |       |     3 |       |    15 ||    18
       Chain mail        |       |       |   162 |   211 ||   373
Dodge: Dodged            |    80 |    52 |   126 |   102 ||   360
Block: Buckler           |    40 |    90 |   226 |   185 ||   541
       Reflection        |       |     1 |     8 |    18 ||    27

Levels and vault maps discovered:
D:1:      matt_arrival_spirals, layout_basic,
          shapermc_ecumenical_altar_acropolis
D:2:      minmay_angry_zag, layout_basic, grunt_decor_junction
D:3:      layout_loops_cross, nicolae_hepliaklqana_monster_ancestors,
          chequers_decorated_corner, uniq_terence
D:4:      layout_basic, overflow_temple_1_default, serial_aquarium,
          aquarium_bridge_island_large [aquarium_subvault_large_4_pools,
          aquarium_subvault_bridge, aquarium_subvault_bridge,
          aquarium_subvault_window, aquarium_subvault_wall],
          aquarium_bridge_straight [aquarium_subvault_bridge,
          aquarium_subvault_window, aquarium_subvault_bridge,
          aquarium_subvault_wall], aquarium_window_fake, aquarium_window_1,
          aquarium_window_1, aquarium_window_double, aquarium_view_2a,
          aquarium_balcony_3a, aquarium_pool_2, uniq_duvessa
D:5:      layout_loops_cross, uniq_crazy_yiuf_cottage
D:6:      minmay_recursive_quarters, layout_loops_ring, zin_scriptorium,
          chequers_temple_overflow_statue_of_worship,
          minmay_temple_entry_enclosed_plants, uniq_eustachio
D:7:      layout_loops_ring, mainiacjoe_overflow_boulevard,
          chequers_serial_rivers_room_b
D:8:      layout_basic, nicolae_tso_besieged_by_evil, feat_on_display,
          uniq_psyche, uniq_maggie, uniq_erica
D:9:      wad_river_or_something, layout_rooms, dancing_weapons_uskayaw,
          orc_david_3, hangedman_decor_slide_cut
D:10:     layout_irregular_city, okawaru_humans, nzn_wu_jian_council_hall,
          lightli_temple_of_fire, serial_glass, glass_columns_a, glass_columns_a
D:11:     layout_basic, dpeg_oklobed_lair, demons_altar
Temple:   corrupted_temple

Notes
Turn   | Place    | Note
-------+----------+-------------------------------------------
     0 | D:1      | xzight the Gargoyle Fighter began the quest for the Orb.
     0 | D:1      | Reached XP level 1. HP: 14/14 MP: 1/1
   172 | D:1      | Reached skill level 2 in Axes
   222 | D:1      | Reached XP level 2. HP: 19/19 MP: 2/2
   573 | D:1      | Reached XP level 3. HP: 23/23 MP: 3/3
   637 | D:1      | Found a faded altar of an unknown god.
  1542 | D:2      | Reached XP level 4. HP: 28/29 MP: 4/4
  2346 | D:3      | Reached skill level 3 in Axes
  2422 | D:3      | Noticed Terence
  2431 | D:3      | Killed Terence
  2432 | D:3      | Reached skill level 4 in Shields
  2434 | D:3      | Reached skill level 4 in Fighting
  2434 | D:3      | Reached XP level 5. HP: 21/33 MP: 5/5
  2602 | D:3      | Reached skill level 4 in Armour
  2750 | D:3      | Found a hazy altar of Hepliaklqana.
  3413 | D:4      | Reached XP level 6. HP: 38/38 MP: 6/6
  3550 | D:4      | Reached skill level 4 in Axes
  4002 | D:4      | Found a stormy altar of Qazlal.
  4037 | D:4      | Noticed Dowan
  4064 | D:4      | Killed Dowan
  4251 | D:4      | Noticed Duvessa
  4260 | D:4      | Killed Duvessa
  4261 | D:4      | Reached XP level 7. HP: 15/44 MP: 7/7
  4808 | D:5      | Entered Level 5 of the Dungeon
  5103 | D:5      | You fall into a shaft and drop 1 floor!
  5119 | D:6      | Reached skill level 5 in Fighting
  5119 | D:6      | Reached skill level 5 in Armour
  5120 | D:6      | Reached skill level 5 in Shields
  5405 | D:6      | Reached skill level 5 in Axes
  5531 | D:6      | Found a shadowy altar of Dithmenos.
  5532 | D:6      | Found a basalt altar of Yredelemnul.
  5532 | D:6      | Found a blossoming altar of Fedhas.
  5533 | D:6      | Found a sparkling altar of Nemelex Xobeh.
  5600 | D:6      | Reached XP level 8. HP: 37/50 MP: 8/8
  5929 | D:5      | Reached skill level 6 in Axes
  6090 | D:5      | Reached skill level 6 in Fighting
  6090 | D:5      | Reached skill level 6 in Armour
  6090 | D:5      | Reached skill level 6 in Shields
  6534 | D:5      | Found a runed translucent door.
  6535 | D:5      | Noticed Crazy Yiuf
  6541 | D:5      | Killed Crazy Yiuf
  6722 | D:6      | Reached XP level 9. HP: 53/56 MP: 9/9
  6960 | D:6      | Reached skill level 7 in Axes
  7294 | D:6      | Noticed Eustachio
  7319 | D:6      | Killed Eustachio
  7320 | D:6      | Reached skill level 7 in Fighting
  7320 | D:6      | Reached skill level 7 in Armour
  7320 | D:6      | Reached skill level 7 in Shields
  7479 | D:6      | Found a staircase to the Ecumenical Temple.
  7632 | Temple   | Entered the Ecumenical Temple
  7896 | D:6      | Found a glowing silver altar of Zin.
  8340 | D:7      | Reached skill level 8 in Axes
  8573 | D:7      | Found a shimmering altar of Xom.
  8782 | D:8      | Found a glowing golden altar of the Shining One.
  8784 | D:8      | Noticed Maggie
  8917 | D:8      | Noticed Psyche
  8938 | D:8      | Noticed a gargoyle
  9215 | D:8      | Noticed Erica
  9225 | D:8      | Killed Erica
  9226 | D:8      | Reached XP level 10. HP: 59/64 MP: 10/10
  9581 | D:8      | Killed Psyche
  9582 | D:8      | Reached skill level 8 in Armour
  9583 | D:8      | Noticed Maggie
  9583 | D:8      | Maggie changed into Maggie the acid dragon
  9590 | D:8      | Killed Maggie the acid dragon
  9591 | D:8      | Reached skill level 8 in Fighting
 10021 | D:8      | Reached skill level 8 in Shields
 10313 | D:9      | Noticed a +0 dagger
 10315 | D:9      | Noticed a +0 hand axe
 10374 | D:9      | Found a hide-covered altar of Uskayaw.
 10385 | D:9      | Reached skill level 9 in Axes
 10431 | D:9      | Noticed a green ugly thing
 10461 | D:9      | Killed a green ugly thing
 10691 | D:8      | Killed a gargoyle
 11296 | D:9      | Found Purest's Armour Emporium.
 11296 | D:9      | Found a staircase to the Orcish Mines.
 11318 | D:9      | Found Enaseh's Weapon Emporium.
 11553 | D:9      | Noticed a tengu warrior
 11563 | D:9      | Killed a tengu warrior
 11564 | D:9      | Reached XP level 11. HP: 67/69 MP: 11/11
 11749 | D:9      | Noticed a manticore
 11765 | D:9      | Killed a manticore
 11766 | D:9      | Reached skill level 10 in Axes
 11884 | D:9      | Reached skill level 9 in Fighting
 11884 | D:9      | Reached skill level 9 in Armour
 12117 | D:10     | Entered Level 10 of the Dungeon
 12174 | D:10     | Reached skill level 9 in Shields
 12697 | D:10     | Found an ornate altar of the Wu Jian Council.
 12903 | D:10     | Found a burning altar of Makhleb.
 13179 | D:10     | Found an iron altar of Okawaru.
 13196 | D:10     | Became a worshipper of Warmaster Okawaru
 13231 | D:11     | Noticed a boulder beetle
 13242 | D:10     | Killed a boulder beetle
 13423 | D:11     | Reached * piety under Okawaru
 13447 | D:11     | Reached skill level 11 in Axes
 13691 | D:11     | Noticed a manticore
 13973 | D:11     | Found a staircase to the Lair.
 13974 | D:11     | Noticed an oklob plant
 14294 | D:11     | Noticed an orc knight
 14342 | D:11     | Gained mutation: You are agile. (Dex +2) [potion of
                  | mutation]
 14342 | D:11     | Gained mutation: You sometimes lose the ability to read
                  | scrolls when taking damage. [potion of mutation]
 14342 | D:11     | Gained mutation: You passively dampen the noise of your
                  | surroundings. [potion of mutation]
 14350 | D:11     | HP: 4/72 [orc knight/+0 great mace (11)]
 14350 | D:11     | Demolished by an orc knight

Vanquished Creatures
  A boulder beetle (D:10)
  Erica (D:8)
  A tengu warrior (D:9)
  An ugly thing (D:9)
  A manticore (D:9)
  A gargoyle (D:8)
  Psyche (D:8)
  A hornet (D:9)
  A shadow (D:11)
  A wraith (D:11)
  2 wyverns (D:9)
  2 humans (D:10)
  20 yaks
  Eustachio (D:6)
  2 vampire mosquitoes (D:11)
  A steam dragon (D:7)
  A water moccasin (D:5)
  An acid dragon (D:8)
  Duvessa (D:4)
  4 sky beasts
  2 black bears
  An ice beast (D:8)
  3 orc warriors
  3 necrophages
  An ogre (D:6)
  9 centaurs
  A phantom (D:6)
  2 kobold brigands
  3 bullfrogs
  A wyvern zombie (D:6)
  3 scorpions (D:6)
  Dowan (D:4)
  A wight (D:9)
  A killer bee (D:9)
  2 electric eels (D:9)
  A howler monkey (D:6)
  4 hounds
  5 centaur zombies
  A quasit (D:7)
  5 orc priests
  Crazy Yiuf (D:5)
  5 jellies
  4 iguanas
  Terence (D:3)
  7 orc wizards
  3 killer bee zombies
  A hound skeleton (D:4)
  3 howler monkey zombies
  3 gnolls (D:6)
  7 adders
  3 white imps (D:5)
  2 ufetubi
  4 worms (D:3)
  2 dart slugs
  30 orcs
  9 bats
  11 endoplasms
  4 giant cockroaches
  7 goblins
  8 hobgoblins
  3 jackals (D:2)
  5 kobolds
  5 quokkas
  8 ball pythons
  6 frilled lizards
  A goblin skeleton (D:8)
  2 goblin zombies (D:8)
  A hobgoblin zombie (D:8)
  A jackal skeleton (D:4)
  A kobold zombie (D:8)
  An orc skeleton (D:8)
  An orc zombie (D:8)
  9 rats
  A spectral hobgoblin (D:3)
255 creatures vanquished.

Vanquished Creatures (others)
  A kobold zombie (D:8)
  10 fungi
11 creatures vanquished.

Grand Total: 266 creatures vanquished

Table legend: (Time is in decaauts)
 A = Elapsed time spent in this place.
 B = Non-inter-level travel time spent in this place.
 C = Inter-level travel time spent in this place.
 D = Time resting spent in this place.
 E = Time spent auto-exploring this place.
 F = Levels seen in this place.
 G = Mean time per level.
                   A        B        C        D        E       F      G
               +--------+--------+--------+--------+--------+-----+--------+
         Total |  14584 |  13896 |    688 |   4248 |   6761 |  12 | 1215.3 |
       Dungeon |  14543 |  13867 |    676 |   4248 |   6741 |  11 | 1322.1 |
        Temple |     40 |     28 |     12 |      0 |     20 |   1 |   40.0 |
               +--------+--------+--------+--------+--------+-----+--------+

Top non-repeatable levels by time:
     D:6: 1939 daAuts
     D:4: 1615 daAuts
     D:8: 1587 daAuts
     D:3: 1507 daAuts
     D:9: 1289 daAuts
    D:10: 1253 daAuts
     D:7: 1173 daAuts
     D:2: 1135 daAuts
     D:5: 1074 daAuts
    D:11: 996 daAuts
     D:1: 971 daAuts
  Temple: 40 daAuts

Table legend:
 A = Non-vault XP
 B = Vault XP
 C = Vault XP percentage of total XP
 D = Non-vault monster count
 E = Vault monster count
 F = Vault count percentage of total count
                 A         B        C        D         E       F
            +---------+---------+-------+---------+---------+-------
      Total |   12722 |    4759 |  27.2 |     206 |      49 |  19.2
            +---------+---------+-------+---------+---------+-------
        D:1 |      41 |       0 |   0.0 |      25 |       0 |   0.0
        D:2 |      46 |      11 |  19.3 |      21 |       6 |  22.2
        D:3 |     173 |      39 |  18.4 |      21 |       3 |  12.5
        D:4 |     137 |     214 |  61.0 |      18 |       2 |  10.0
        D:5 |     758 |      40 |   5.0 |      21 |       1 |   4.5
        D:6 |    1573 |     763 |  32.7 |      33 |      11 |  25.0
        D:7 |     685 |      42 |   5.8 |       8 |       1 |  11.1
        D:8 |     964 |    1389 |  59.0 |      12 |      12 |  50.0
        D:9 |    1960 |    1873 |  48.9 |      16 |      11 |  40.7
       D:10 |    4382 |     388 |   8.1 |      20 |       2 |   9.1
       D:11 |    2003 |       0 |   0.0 |      11 |       0 |   0.0
            +---------+---------+-------+---------+---------+-------
